 Dungeon Crawl Stone Soup version 0.22-a0-456-g11ed031 (webtiles) character file.

37 n0claF the Skirmisher (level 3, 0/29 HPs)
             Began as a Demonspawn Berserker on June 6, 2018.
             Was a Follower of Trog.
             Slain by Sigmund
             ... wielding a cursed -2 scythe
              (2 damage)
             ... on level 2 of the Dungeon.
             The game lasted 00:02:54 (1269 turns).

n0claF the Skirmisher (Demonspawn Berserker)        Turns: 1269, Time: 00:02:55

Health: 0/29       AC:  7    Str: 18    XL:     3   Next: 21%
Magic:  3/3        EV: 14    Int:  8    God:    Trog [*.....]
Gold:   44         SH:  0    Dex: 12    Spells: 2/2 levels left

rFire    . . .     SeeInvis .   a - +0 mace
rCold    . . .     Gourm    .   (no shield)
rNeg     . . .     Faith    .   l - +0 ring mail
rPois    .         Spirit   .   (no helmet)
rElec    .         Reflect  .   (no cloak)
rCorr    .         Harm     .   (no gloves)
MR       .....                  (no boots)
Stlth    ..........             (no amulet)
HPRegen  0.09/turn              j - +3 ring of evasion
MPRegen  0.08/turn              (no ring)

@: no status effects
A: hooves 1, yellow scales 1
a: Berserk, Renounce Religion


You were on level 2 of the Dungeon.
You worshipped Trog.
Trog was aware of your devotion.
You were very hungry.

You visited 1 branch of the dungeon, and saw 2 of its levels.

You collected 44 gold pieces.

Inventory:

Hand Weapons
 a - a +0 mace (weapon)
Armour
 l - a +0 ring mail (worn)
Jewellery
 j - a +3 ring of evasion (left hand)
Scrolls
 b - a scroll of noise {unknown}
 d - 2 scrolls of remove curse {unknown}
 e - 4 scrolls of identify {unknown}
 k - a scroll of random uselessness {unknown}
Potions
 f - a potion of resistance {unknown}
 g - a potion of flight {unknown}
 h - 2 potions of might {unknown}
 i - 4 potions of heal wounds {unknown}
Comestibles
 c - 3 rations


   Skills:
 + Level 3.3 Fighting
 + Level 3.0 Maces & Flails
 + Level 2.2 Armour
 + Level 2.2 Dodging


You had 2 spell levels left.
You didn't know any spells.
Your spell library was empty.

Dungeon Overview and Level Annotations

Branches:
Dungeon (2/15)

Altars:
Fedhas

Annotations:
D:2 Sigmund


Innate Abilities, Weirdness & Mutations

You have large cloven feet.
You are partially covered in yellow scales. (AC +2)


Message History

You hear some strange, mumbled words.
Something tries to affect you, but you resist.
You hit the adder.
The adder is almost dead.
The adder barely misses you. Something barely misses you.
The adder bites you but does no damage.
You miss the adder.
The adder is almost dead.
The adder barely misses you. Something barely misses you.
The adder bites you but does no damage.
You hit the adder.
You kill the adder!
Trog accepts your kill.
You have reached level 3!
Your experience leads to an increase in your attributes!
Increase (S)trength, (I)ntelligence, or (D)exterity?
You feel stronger.
Your demonic ancestry asserts itself...
Yellow scales grow over part of your body.
Something hits you.
You die...

#.##.#####..#
#...........# .
#.##.#####..# # ..
#.##.# ##...## .#.#
#####.##.###.....###...
.......)....†........#
###...............{..#
###..#.####...†.##.
#..#.#####.#@###..#
#..#..............#
#..#.###.#.#.####!#
#..#.# #.#.#.# .....# #
#.#.# ... #.#.# ....#
#.#.. .....


There were no monsters in sight!

Vanquished Creatures
  An adder (D:2)
  An ooze (D:1)
  A dart slug (D:1)
  A leopard gecko (D:1)
  A ball python (D:1)
  A bat (D:1)
  2 giant cockroaches (D:1)
  3 hobgoblins
  3 frilled lizards
  4 kobolds
  3 rats
21 creatures vanquished.

Notes
Turn   | Place    | Note
-------+----------+-------------------------------------------
     0 | D:1      | n0claF the Demonspawn Berserker began the quest for the Orb.
     0 | D:1      | Reached XP level 1. HP: 18/18 MP: 1/1
   194 | D:1      | Gained mutation: You have large cloven feet. [demonic ancestry]
   194 | D:1      | Reached XP level 2. HP: 7/24 MP: 2/2
  1182 | D:2      | Found a blossoming altar of Fedhas.
  1251 | D:2      | Noticed Sigmund
  1269 | D:2      | Gained mutation: You are partially covered in yellow scales. (AC +2) [demonic ancestry]
  1269 | D:2      | Reached XP level 3. HP: 2/29 MP: 3/3
  1269 | D:2      | Slain by Sigmund

Vault maps used:
D:1:      mrwooster_arrival_statue_2, minmay_tree_intersection
D:2:      fedhas_altar_1, uniq_sigmund, uniq_crazy_yiuf_cottage, uniq_natasha

Skill      XL: |  1  2 |
---------------+-------+-----
Armour         | 2 |  2.2
Dodging        | 2 |  2.2
Maces & Flails | 3 |  3.0
Fighting       | |  3.3

Action                   || total
-------------------------++-------
Melee: Mace              ||    47
       Kick              ||     8
Armor: Animal skin       ||     5
       Ring mail         ||     9
Dodge: Dodged            ||    31

Table legend:
 A = Spawn XP
 B = Non-spawn XP
 C = Spawn XP percentage of total XP
 D = Spawn monster count
 E = Non-spawn monster count
 F = Spawn count percentage of total count
 G = Total turns spent on level
                    A         B        C        D         E        F      G
               +---------+---------+-------+---------+---------+-------+---------
         Total |       0 |      53 |   0.0 |       0 |      21 |   0.0 |  1269
               +---------+---------+-------+---------+---------+-------+---------
           D:1 |       0 |      33 |   0.0 |       0 |      15 |   0.0 |  1181
           D:2 |       0 |      20 |   0.0 |       0 |       6 |   0.0 |    88
               +---------+---------+-------+---------+---------+-------+---------
